[Event "Late-Titled-Tuesday-Blitz-January-30-2024"]
[Site "Chess.com"]
[Date "2024.01.30"]
[Round "9"]
[White "Bala-Afiada"]
[Black "Navyblue1"]
[Result "1-0"]
[WhiteElo "2028"]
[BlackElo "2132"]
[TimeControl "180+1"]
[EndTime "15:44:17 PST"]
[Termination "Bala-Afiada won on time"]

1. d4 Nf6 2. c4 g6 3. Nc3 Bg7 4. e4 d6 5. Nf3 O-O 6. Be2 Nbd7 7. Be3 e5 8. d5 Ng4 9. Bg5 f6 10. Bd2 f5 11. Bg5 Ngf6 12. Qd2 a5 13. h4 Nc5 14.
h5 fxe4 15. Nh4 Qe8 16. hxg6 hxg6 17. Bh6 Qf7 18. Qg5 Nh7 19. Qxg6 Qxg6 20. Nxg6 Rf7 21.
Bg5 Bf5 22. Ne7+ Kh8 23. Nxf5 Rxf5 24. Be3 Raf8 25. O-O-O b6 26. Nb5 R5f7 27. Bh5 Re7 28. Bg6 Bf6 29. Rh2 Rg8 30. Bf5 Rgg7 31. Rdh1 Kg8 32.
g4 Ng5 33. Rh8+ Kf7 34. Rc8 Nf3 35. Rhh8 1-0

[Event "Late-Titled-Tuesday-Blitz-January-30-2024"]
[Site "Chess.com"]
[Date "2024.01.30"]
[Round "9"]
[White "Mikhail_Bryakin"]
[Black "ArturoCaceres"]
[Result "1-0"]
[WhiteElo "2805"]
[BlackElo "2483"]
[TimeControl "180+1"]
[EndTime "15:44:18 PST"]
[Termination "Mikhail_Bryakin won on time"]

1. e4 c5 2. c3 g6 3. d4 cxd4 4. cxd4 d5 5. e5 Nc6 6. Nc3 Bg7 7. f4 Bf5 8. Be3 h5 9. Nf3 Bg4 10. Be2 Nh6 11. Bf2 Bxf3 12. Bxf3 e6 13. O-O O-O 14. h3 h4 15. Qd2 Nf5 16. Rfd1 Rc8 17. Rac1 Na5 18.
b3 Nc6 19. Ne2 Qe7 20. Bg4 Bh6 21. Qe1 g5 22. Bxf5 exf5 23. fxg5 Bxg5 24. Rc3 Nb4 25. Rf3 Nc2 26. Qa5 Qd7 27. Nf4 Rfd8 28. Nh5 Qe6 29. Nf4 Qb6 30. Qd2 Qb4 31. Qe2 Qb6 32. Nh5 Qg6 33.
Nf4 Qb6 34. a4 Nb4 35. Nh5 Qg6 36. Nf4 Qa6 37. e6 Qxe2 38. Nxe2 fxe6 39. Nf4 Kf7 40.
Re1 Re8 41. Rd1 Bf6 42. Nh5 Bg5 43. Nf4 Rc5 44. dxc5 Rd8 45. Nd3 1-0

[Event "Late-Titled-Tuesday-Blitz-January-30-2024"]
[Site "Chess.com"]
[Date "2024.01.30"]
[Round "9"]
[White "Atousa"]
[Black "zverr1"]
[Result "0-1"]
[WhiteElo "2388"]
[BlackElo "2564"]
[TimeControl "180+1"]
[EndTime "15:44:18 PST"]
[Termination "zverr1 won by resignation"]

1. d4 Nf6 2. Nf3 g6 3. g3 Bg7 4. Bg2 O-O 5. O-O d5 6. c4 c6 7. cxd5 cxd5 8. Nc3 Ne4 9. Nxe4 dxe4 10. Ne5 Qd5 11. Bf4 f6 12. Nd3 Qxd4 13. Qb3+ Kh8 14. Nb4 Nc6 15. Nxc6 bxc6 16. Rfd1 Qb6 17. Qxb6 axb6 18.
Bxe4 Be6 19. b3 Rfc8 20. Rac1 Rxa2 21. Rxc6 Rxc6 22. Rd8+ Bf8 23. Bxc6 Kg7 24. b4 Bh3 25. Rd1 e5 26. Be3 Bxb4 27. Bb5 Bc5 28. Rd7+ Bxd7 29. Bxd7 Bxe3 30. fxe3 Rxe2 31. Bc6 Rb2 32. e4 b5 33.
h4 b4 34. Kf1 b3 35. Ke1 Rh2 0-1

[Event "Late-Titled-Tuesday-Blitz-January-30-2024"]
[Site "Chess.com"]
[Date "2024.01.30"]
[Round "9"]
[White "LastHeroJr"]
[Black "rikchessmx"]
[Result "1-0"]
[WhiteElo "2479"]
[BlackElo "2317"]
[TimeControl "180+1"]
[EndTime "15:44:18 PST"]
[Termination "LastHeroJr won by checkmate"]

1. e4 e5 2. Nf3 Nc6 3. Bc4 Bc5 4. O-O d6 5. d3 h6 6. a4 Qf6 7. c3 a6 8. b4 Ba7 9. Nbd2 Nge7 10. Re1 Ng6 11.
Rb1 O-O 12. b5 Nce7 13. bxa6 bxa6 14. h3 Nf4 15. Nf1 Bxh3 16. Bxf4 Bxg2 17. Kxg2 Qxf4 18. Ng3 Ng6 19. Qc1 Qg4 20. Ng1 Nf4+ 21. Kf1 h5 22.
Qd1 Qg5 23. Qf3 h4 24. Nf5 g6 25. Ne3 Kg7 26. Nh3 Nxh3 27. Qxh3 f5 28. exf5 gxf5 29. Ke2 Qh5+ 30. Kd2 f4 31. Rg1+ Kh8 32. Qd7 fxe3+ 33. Kc2 Qe2+ 34. Kb3 Rab8+ 35. Bb5 Rg8 36. Qe7 Qh5 37.
Rh1 h3 38. Qe6 Rg4 39. Qf6+ Kg8 40. f3 Rg6 41. Rbg1 Kh7 42. Rxg6 Qxg6 43. Rxh3+ Kg8 44. Rh8# 1-0

[Event "Late-Titled-Tuesday-Blitz-January-30-2024"]
[Site "Chess.com"]
[Date "2024.01.30"]
[Round "9"]
[White "Witik"]
[Black "tptagain"]
[Result "0-1"]
[WhiteElo "2680"]
[BlackElo "2915"]
[TimeControl "180+1"]
[EndTime "15:44:19 PST"]
[Termination "tptagain won on time"]

1. d4 d5 2. Nf3 e6 3. c4 c6 4. Qc2 dxc4 5. Qxc4 Nf6 6. Bg5 Nbd7 7.
Qc2 h6 8. Bh4 c5 9. Nc3 cxd4 10.
Nxd4 Bc5 11. Rd1 O-O 12. e3 b6 13. Bb5 Qc7 14. Bg3 e5 15. Nf5 g6 16. Nxh6+ Kg7 17. Nf5+ gxf5 18. Qxf5 Rh8 19. Bxd7 Nxd7 20. Rxd7 Bxd7 21. Bxe5+ Kf8 22. Qf6 Qc6 23. Qxh8+ Ke7 24.
Qh4+ f6 25. O-O Rf8 26. Rd1 Be6 27. Bf4 Rf7 28. Qg3 Rf8 29. Qg7+ Bf7 30. Qg3 Rg8 31. Qh3 Be6 0-1

[Event "Late-Titled-Tuesday-Blitz-January-30-2024"]
[Site "Chess.com"]
[Date "2024.01.30"]
[Round "9"]
[White "WPWPWP-2015"]
[Black "IlanSchnaider"]
[Result "0-1"]
[WhiteElo "2477"]
[BlackElo "2662"]
[TimeControl "180+1"]
[EndTime "15:44:19 PST"]
[Termination "IlanSchnaider won on time"]

1. d4 Nf6 2. Nf3 g6 3. g3 Bg7 4. Bg2 O-O 5. O-O d5 6. a4 c5 7. c3 Nc6 8. e3 Re8 9. Nbd2 b6 10. Ne5 Bb7 11. f4 e6 12. b3 Rc8 13. Bb2 Nd7 14. Qe2 f6 15. Ng4 Qc7 16.
h4 h5 17. Nf2 Ne7 18. g4 hxg4 19. Qxg4 Kf7 20. e4 Rh8 21. Rae1 f5 22. exf5 Nxf5 23. Nf3 Bf6 24. Nh3 Nf8 25. Nhg5+ Bxg5 26. Nxg5+ Kf6 27. c4 cxd4 28. Re5 Re8 29. Rfe1 Qc5 30. Kf1 Ba6 0-1

[Event "Late-Titled-Tuesday-Blitz-January-30-2024"]
[Site "Chess.com"]
[Date "2024.01.30"]
[Round "9"]
[White "PapaieDudu"]
[Black "Lion-Al-Messi"]
[Result "0-1"]
[WhiteElo "2400"]
[BlackElo "2595"]
[TimeControl "180+1"]
[EndTime "15:44:22 PST"]
[Termination "Lion-Al-Messi won by resignation"]

1. e4 e6 2. d4 d5 3. e5 c5 4. c3 Nc6 5. Nf3 Qb6 6. Be2 Nh6 7. O-O cxd4 8. cxd4 Nf5 9. Be3 Nxe3 10. fxe3 Be7 11. Nc3 O-O 12. a3 f6 13. exf6 Bxf6 14. b4 Bd7 15. Na4 Qc7 16. Nc5 Rac8 17. Rc1 b6 18. Nxd7 Qxd7 19. Bb5 Qd6 20. Qa4 Ne7 21. Qxa7 Ra8 22. Qd7 Rfd8 23. Qxd6 Rxd6 24. a4 Nf5 25.
Kf2 Rdd8 26. Rc7 Nd6 27. Bc6 Rac8 28. Rxc8 Rxc8 29. Rc1 Ne4+ 30. Ke2 Be7 31. b5 Bd6 32. Kd3 Rc7 33. Ra1 Ra7 34. Nd2 Nxd2 35. Kxd2 Bxh2 36.
Kc3 Bd6 37. Kb3 h5 38. Rh1 g6 39. e4 dxe4 40. Re1 Kf7 41. Rxe4 Kf6 42. Re3 g5 43. Rf3+ Kg7 44. d5 exd5 45. Bxd5 h4 46. Be6 Re7 47. Bf5 Re2 48. Rd3 Bc5 49. Bh3 Re4 50. Rc3 Rb4+ 51. Ka3 g4 52. a5 gxh3 53. Rxh3 Rxb5+ 54. Ka2 Rxa5+ 55. Kb3 Ra3+ 56. Kc4 Rxh3 57. Kb5 Rg3 58. Kc6 Rxg2 59. Kd5 h3 60. Kc4 h2 61. Kb5 h1=Q 62.
Kc6 Rb2+ 63. Kc7 Bd6+ 64. Kd7 Qb7+ 65. Ke6 Re2+ 66. Kf5 0-1

[Event "Late-Titled-Tuesday-Blitz-January-30-2024"]
[Site "Chess.com"]
[Date "2024.01.30"]
[Round "9"]
[White "Rawnsdale"]
[Black "melissa_guez"]
[Result "1-0"]
[WhiteElo "2533"]
[BlackElo "2272"]
[TimeControl "180+1"]
[EndTime "15:44:23 PST"]
[Termination "Rawnsdale won by resignation"]

1. e4 c5 2. Nf3 e6 3. d4 cxd4 4. Nxd4 Nc6 5. Nc3 Qc7 6. Be3 a6 7. Be2 Nf6 8. O-O Bb4 9. Bf3 Ne5 10. Bf4 O-O 11. Bxe5 Qxe5 12. Nde2 b5 13. a3 Bd6 14. g3 Bb7 15. Nf4 Rac8 16. Re1 Bb8 17. Nd3 Qd4 18. e5 Nd5 19. Nxd5 Bxd5 20. Bxd5 Qxd5 21.
c3 f6 22. Nb4 Qb7 23. exf6 Rxf6 24. Qe2 Rcf8 25. Nd3 Ba7 26. Rf1 Bb6 27. Rae1 Qa7 28. Kg2 e5 29. f3 d6 30. Qe4 Qc7 31. Nb4 Qc4 32. Nd5 Qxe4 33. Rxe4 Bd8 34. Nxf6+ Bxf6 35. Rd1 Rd8 36. Re2 d5 37. f4 e4 38. Red2 d4 39.
cxd4 e3 40. Re2 Bxd4 41. Rxe3 Bxe3 42. Rxd8+ Kf7 43. Ra8 Bd4 44. b3 Bb2 45. a4 b4 46.
Rxa6 1-0

[Event "Late-Titled-Tuesday-Blitz-January-30-2024"]
[Site "Chess.com"]
[Date "2024.01.30"]
[Round "9"]
[White "DeArron_Fox"]
[Black "IngOscarArdila"]
[Result "0-1"]
[WhiteElo "2462"]
[BlackElo "2329"]
[TimeControl "180+1"]
[EndTime "15:44:24 PST"]
[Termination "IngOscarArdila won by resignation"]

1. d4 Nf6 2. c4 c5 3. d5 d6 4. Nc3 g6 5. Nf3 Bg7 6. e4 Bg4 7. Be2 O-O 8. O-O Nbd7 9. Nd2 Bxe2 10. Qxe2 a6 11. a4 e6 12. h3 exd5 13. cxd5 Re8 14.
Re1 Qa5 15. Nc4 Qc7 16. Bf4 Ne5 17. Nxe5 dxe5 18. Be3 Red8 19. a5 Bf8 20. Rec1 Bd6 21. f3 Qe7 22. Na4 Rac8 23. Rc4 Nd7 24. Rac1 f5 25. R1c3 f4 26. Bf2 Qf8 27. Qc2 Kf7 28. Nxc5 Nxc5 29. Bxc5 Rxc5 30. Rxc5 Qe7 31. R5c4 Rd7 32.
Rc8 Qh4 33. Qf2 Qe7 34. Rc1 g5 35. Rh8 Kg7 36. Rcc8 Rc7 37. Rcg8+ Kh6 38. Rc8 Bc5 39. Kf1 Bxf2 40. Kxf2 Qc5+ 0-1

[Event "Late-Titled-Tuesday-Blitz-January-30-2024"]
[Site "Chess.com"]
[Date "2024.01.30"]
[Round "9"]
[White "wild3000"]
[Black "protectiago"]
[Result "1-0"]
[WhiteElo "2325"]
[BlackElo "2070"]
[TimeControl "180+1"]
[EndTime "15:44:24 PST"]
[Termination "wild3000 won by resignation"]

1. a4 g6 2. h4 Bg7 3. h5 d5 4. d3 h6 5. hxg6 fxg6 6. Nc3 e5 7.
e4 c6 8. a5 Be6 9. Nf3 Nd7 10.
a6 b6 11. exd5 cxd5 12. Nh4 Bf7 13. Nb5 Nc5 14. b4 Ne6 15. Qg4 Nf6 16. Qh3 Qd7 17. c4 dxc4 18. dxc4 Rd8 19. Be3 Ne4 20. Be2 Nf4 21.
Qxd7+ Rxd7 22. Bf3 O-O 23. Bxe4 Bxc4 24. Nc3 Bd3 25.
g3 Bxe4 26. Nxe4 Nd3+ 27. Ke2 Nxb4 28. Nxg6 Rc8 29. Rac1 Rc6 30. Rxc6 Nxc6 31. Rc1 Nd4+ 32. Bxd4 Rxd4 33. Rc7 Rxe4+ 34. Kf3 Ra4 35. Rxa7 b5 36. Ne7+ Kf8 37. Nd5 e4+ 38. Kg2 Bd4 39. Ra8+ Kg7 40.
Nc7 Ra2 41. Ne6+ Kf6 42. Nxd4 Ke5 43. Nxb5 e3 44. Re8+ Kf5 45. Nd4+ Kg6 46. Re6+ Kf7 47. Rxe3 Rxa6 48. g4 Kg6 49. Kg3 h5 50. Re6+ Rxe6 51.
Nxe6 hxg4 52. Kxg4 Kf6 53. Nc5 Kg7 54. Kf5 Kf7 1-0

[Event "Late-Titled-Tuesday-Blitz-January-30-2024"]
[Site "Chess.com"]
[Date "2024.01.30"]
[Round "9"]
[White "GMBenjaminBok"]
[Black "dropstoneDP"]
[Result "0-1"]
[WhiteElo "2947"]
[BlackElo "3058"]
[TimeControl "180+1"]
[EndTime "15:44:25 PST"]
[Termination "dropstoneDP won on time"]

1. Nf3 d5 2. d4 Nf6 3. c4 dxc4 4.
e3 e6 5. Bxc4 c5 6. O-O Nc6 7.
dxc5 Qxd1 8. Rxd1 Bxc5 9. b3 O-O 10. Bb2 b6 11. Nbd2 Bb7 12. Rac1 Rfd8 13. a3 Be7 14.
Kf1 Rac8 15. Ke2 Kf8 16. Bd3 h6 17. b4 g5 18. h3 Nd5 19. Nc4 Bf6 20. Bxf6 Nxf6 21.
Ke1 b5 22. Nb2 a5 23. bxa5 Nxa5 24. Bxb5 Rxd1+ 25. Kxd1 Rd8+ 26. Ke2 Nb3 27. Rc7 Bxf3+ 28. Kxf3 Rd2 29. Nd3 Ra2 30. Ne5 Nd2+ 31. Kg3 Nfe4+ 32. Kh2 f5 33. Rf7+ Kg8 34. Bd7 Nc5 0-1

[Event "Late-Titled-Tuesday-Blitz-January-30-2024"]
[Site "Chess.com"]
[Date "2024.01.30"]
[Round "9"]
[White "GianmarcoVaR"]
[Black "mishanick"]
[Result "0-1"]
[WhiteElo "2666"]
[BlackElo "3105"]
[TimeControl "180+1"]
[EndTime "15:44:25 PST"]
[Termination "mishanick won on time"]

1. d4 Nf6 2. Nf3 d5 3. Bf4 c5 4.
e3 Nc6 5. Nbd2 Qb6 6. dxc5 Qxb2 7. Rb1 Qa3 8. Bb5 g6 9. c4 Bg7 10. Ne5 Qxc5 11. O-O O-O 12. Nb3 Qb6 13. Bxc6 bxc6 14.
Nd4 Qa6 15. Ndxc6 dxc4 16. Nxe7+ Kh8 17. N5c6 Be6 18. Be5 Rfe8 19. Qd4 Nh5 20. g4 f6 21.
Bd6 f5 22. Be5 fxg4 23. Bxg7+ Nxg7 24. Qf6 Rf8 25. Qh4 Bf5 26. Rbd1 Be4 27. Rd6 Qb7 28.
Ne5 Nh5 29. Rd7 Qb6 30. Qg5 Qf6 31. Qh6 Ng7 32. N5c6 Rf7 33. Nd5 Qf3 0-1

[Event "Late-Titled-Tuesday-Blitz-January-30-2024"]
[Site "Chess.com"]
[Date "2024.01.30"]
[Round "9"]
[White "noblerone"]
[Black "ElephantChessGenius"]
[Result "1-0"]
[WhiteElo "2450"]
[BlackElo "2240"]
[TimeControl "180+1"]
[EndTime "15:44:31 PST"]
[Termination "noblerone won on time"]

1. e4 c5 2. Nf3 g6 3. Nc3 Nc6 4. Bc4 Bg7 5. d3 e6 6. Be3 d6 7. O-O Nd4 8. Bxd4 cxd4 9. Ne2 Qb6 10. Bb3 Bd7 11. h3 a5 12. a4 Ne7 13. Nh2 O-O 14.
f4 f5 15. Kh1 Kh8 16. Ng3 Bh6 17. Ne2 Rae8 18. Nf3 Bg7 19. Ng5 Ng8 20. Qe1 h6 21. Nf3 Bc6 22. exf5 exf5 23. Qf2 Re3 24. Kh2 Bxf3 25.
gxf3 Rfe8 26. Ng3 R8e7 27. Rg1 Nf6 28. Rg2 Rc7 29. Rag1 Rce7 30. Nf1 Re2 31. Qxe2 Rxe2 32. Rxe2 Qc6 33. Nd2 Nh5 34. Re6 Nxf4 35. Re7 Be5 36. Kh1 Nxh3 37. Rxg6 1-0

[Event "Late-Titled-Tuesday-Blitz-January-30-2024"]
[Site "Chess.com"]
[Date "2024.01.30"]
[Round "9"]
[White "ChEsper99"]
[Black "Boninknights"]
[Result "1/2-1/2"]
[WhiteElo "2176"]
[BlackElo "2402"]
[TimeControl "180+1"]
[EndTime "15:44:31 PST"]
[Termination "Game drawn by repetition"]

1. e4 e5 2. Nf3 Qe7 3. Nc3 c6 4. d4 d6 5. Be2 g6 6. O-O Bg7 7. b3 b5 8. dxe5 dxe5 9. a4 b4 10. Nb1 Nf6 11. Bd3 O-O 12. Nbd2 Nbd7 13. Qe2 Nc5 14.
Nc4 Bg4 15. h3 Bxf3 16. Qxf3 Rfd8 17. Rd1 Nfxe4 18. Bb2 Nc3 19. Bxc3 bxc3 20. Be4 Nxe4 21. Qxe4 Qe6 22. Na5 Rd5 23. Nxc6 Rxd1+ 24. Rxd1 Re8 25. Rd8 Rxd8 26. Nxd8 Qd7 27. Nc6 f5 28. Qc4+ Kf8 29.
Qxc3 e4 30. Qc5+ Ke8 31. Nxa7 Qd1+ 32. Kh2 Bd4 33. Qc8+ Kf7 34. Qd7+ Kf6 35. Qd6+ Kg5 36. c3 e3 37. cxd4 e2 38. Qg3+ Kh6 39. Qh4+ Kg7 40. Qe7+ Kh6 41. Qh4+ Kg7 42. Qe7+ Kh6 43. Qh4+ 1/2-1/2

[Event "Late-Titled-Tuesday-Blitz-January-30-2024"]
[Site "Chess.com"]
[Date "2024.01.30"]
[Round "9"]
[White "snowlord"]
[Black "INLOVEWITHF"]
[Result "1-0"]
[WhiteElo "2856"]
[BlackElo "2591"]
[TimeControl "180+1"]
[EndTime "15:44:33 PST"]
[Termination "snowlord won by checkmate"]

1. Nc3 e5 2. d4 exd4 3. Qxd4 Nc6 4. Qe3+ Be7 5. Nd5 d6 6. Nh3 Be6 7. Nhf4 Qd7 8. b3 O-O-O 9. Bb2 Nf6 10. Nxf6 Bxf6 11.
Bxf6 gxf6 12. O-O-O d5 13. g3 d4 14. Qd2 Qd6 15. Kb2 Qe5 16. Bg2 d3+ 17. c3 dxe2 18. Qxe2 Qxe2+ 19. Nxe2 Bg4 20. f3 Bf5 21. Nf4 Ne5 22. Ka3 Rhe8 23. Nh5 Nd3 24. Ng7 Re5 25. b4 Bg6 26. f4 Re2 27. Bh3+ Kb8 28. f5 a5 29.
fxg6 hxg6 30. Bf1 Rc2 31. Bxd3 Rxc3+ 32. Kb2 Rcxd3 33. Rxd3 Rxd3 34. Ne8 Rf3 35. bxa5 Kc8 36. Rc1 Rf2+ 37. Kb3 Kd7 38. Nxc7 Rf5 39. Kb4 Rh5 40.
Nb5 Rxh2 41. Rc7+ Ke6 42. Rxb7 Rxa2 43. a6 f5 44. a7 Kd5 45. Na3 Rb2+ 46. Ka4 Rxb7 47.
a8=Q Kc6 48. Nb5 Kb6 49. Qd8+ Kc6 50. Qd6# 1-0

[Event "Late-Titled-Tuesday-Blitz-January-30-2024"]
[Site "Chess.com"]
[Date "2024.01.30"]
[Round "9"]
[White "santosalberto1987"]
[Black "crazy_but_lazy"]
[Result "1-0"]
[WhiteElo "2549"]
[BlackElo "2619"]
[TimeControl "180+1"]
[EndTime "15:44:33 PST"]
[Termination "santosalberto1987 won on time"]

1. e4 c5 2. Nf3 d6 3. Bb5+ Bd7 4. c4 Nf6 5. Nc3 g6 6. Bxd7+ Nbxd7 7. d4 cxd4 8. Nxd4 Bg7 9. f3 O-O 10. Be3 a6 11.
Rc1 Rc8 12. b3 Qa5 13. Qd2 Rfd8 14. O-O e6 15. Rfd1 Ne5 16. h3 Qc7 17. f4 Nc6 18. Nf3 Qa5 19. g4 Rd7 20. Kg2 Rcd8 21. Kg3 Qc7 22.
Kg2 Qa5 23. f5 d5 24. cxd5 exd5 25. e5 Ne4 26. Nxe4 dxe4 27. Qxa5 exf3+ 28. Kxf3 Rxd1 29. Rxd1 Rxd1 30. Qc7 Bxe5 31. Qxb7 Nd4+ 32. Ke4 Bf6 33. Bh6 gxf5+ 34. gxf5 Re1+ 35. Kd3 Re8 36. Qg2+ Kh8 37.
Bg5 Bg7 38. f6 Bf8 39. Kxd4 Rd8+ 40. Ke4 a5 41. Bf4 a4 42. bxa4 Re8+ 43. Kf3 Ra8 44.
Qc2 1-0

[Event "Late-Titled-Tuesday-Blitz-January-30-2024"]
[Site "Chess.com"]
[Date "2024.01.30"]
[Round "9"]
[White "SuanFernandes"]
[Black "jaskol95"]
[Result "0-1"]
[WhiteElo "2340"]
[BlackElo "2525"]
[TimeControl "180+1"]
[EndTime "15:44:34 PST"]
[Termination "jaskol95 won by resignation"]

1. d4 d5 2. c4 e5 3. dxe5 d4 4. Nf3 Nc6 5. a3 a5 6. b3 f6 7. exf6 Nxf6 8. Bb2 Bc5 9. g3 O-O 10. Bg2 Bf5 11. O-O Qd7 12. b4 axb4 13. axb4 Rxa1 14.
Bxa1 Nxb4 15. Nxd4 Bh3 16. Nb3 Bxf2+ 17. Kxf2 Ng4+ 18.
Kg1 Qxd1 19. Rxd1 Bxg2 20. Kxg2 Ne3+ 21. Kg1 Nxd1 22. N1d2 Ne3 23. Bd4 Nbc2 24. Bc5 Rf7 25. h3 b6 26. Bxe3 Nxe3 27. Nd4 Rd7 28. N4f3 Nf5 29.
Kf2 Nd4 30. Ng5 h6 31. Nge4 Ne6 32. Ke3 Rd8 33. Nf3 Nc5 34. Nxc5 bxc5 35. Nd2 Rd4 36.
Nb3 Rxc4 37. Kd3 Ra4 38. Nxc5 Ra3+ 39. Ke4 Rxg3 40. Ne6 Rxh3 41. Nxc7 Kf7 42. Nb5 Rb3 43.
Nd6+ Ke6 44. Ne8 Rb7 45. Kf4 Re7 0-1

[Event "Late-Titled-Tuesday-Blitz-January-30-2024"]
[Site "Chess.com"]
[Date "2024.01.30"]
[Round "9"]
[White "Msb2"]
[Black "platy3"]
[Result "0-1"]
[WhiteElo "2984"]
[BlackElo "2880"]
[TimeControl "180+1"]
[EndTime "15:44:39 PST"]
[Termination "platy3 won by checkmate"]

1. d4 Nf6 2. c4 e6 3. Nc3 Bb4 4. e3 O-O 5. Bd2 b6 6. Nf3 Bb7 7. Bd3 d6 8. O-O Nbd7 9. a3 Bxc3 10. Bxc3 a5 11. b3 Qe7 12. Kh1 e5 13. Bc2 Ne4 14.
Bb2 f5 15. d5 Ng5 16. Nxg5 Qxg5 17. f4 exf4 18. exf4 Qh6 19. Rf3 Rae8 20. Qd2 Nf6 21. Bxf5 Ne4 22. Bxe4 Rxe4 23. Raf1 Bc8 24. h3 Bf5 25. a4 Rfe8 26. Rg3 R8e7 27. Qc3 Re2 28. Qd4 R2e4 29. Qc3 Re2 30. Kh2 Kf8 31. Rff3 R2e4 32. Rg5 Rf7 33. Rfg3 g6 34. Qh8+ Ke7 35. Qb8 Kd7 36. Qh8 Qh4 37. Bf6 Re8 38. Rxf5 Qxg3+ 39. Kxg3 Rxh8 40. Bxh8 Rxf5 41. Kg4 Rf8 42. Bd4 Re8 43. Kf3 Re1 44. g4 Rb1 45. f5 g5 46. Be3 Rxb3 47. Ke4 h6 48. f6 Ke8 49. h4 gxh4 50.
Bxh6 h3 51. Bf4 Kf7 52. Kf5 Rf3 53. g5 Rxf4+ 54. Kxf4 h2 55. Kf5 h1=Q 56. g6+ Kf8 57.
Ke6 Qh3# 0-1

[Event "Late-Titled-Tuesday-Blitz-January-30-2024"]
[Site "Chess.com"]
[Date "2024.01.30"]
[Round "9"]
[White "Seochesspie"]
[Black "Beca95"]
[Result "1/2-1/2"]
[WhiteElo "2866"]
[BlackElo "2968"]
[TimeControl "180+1"]
[EndTime "15:44:39 PST"]
[Termination "Game drawn - insufficient material"]

1. e4 e5 2. Nf3 Nc6 3. Bb5 Bc5 4. c3 Nf6 5. d3 O-O 6. O-O Re8 7. Nbd2 a6 8. Ba4 b5 9. Bc2 d6 10. b4 Bb6 11. a4 Bb7 12. h3 Ne7 13. Re1 Ng6 14.
Nf1 Nh5 15. axb5 axb5 16. Rxa8 Bxa8 17. Be3 Bxe3 18. Nxe3 Nhf4 19. Kh2 Qd7 20. Ng1 c5 21.
g3 Ne6 22. Nf3 Ne7 23. Bb3 Bb7 24. Qc2 cxb4 25. cxb4 Rc8 26. Qb2 h6 27. Rc1 Rxc1 28. Qxc1 Qc8 29. Qxc8+ Bxc8 30. Kg2 Kf8 31. h4 h5 32. Kf1 f6 33. Ke2 Nc7 34. d4 Bb7 35.
Kd3 Na6 36. Nc2 d5 37. exd5 Nxd5 38. dxe5 Ndxb4+ 39. Nxb4 Nxb4+ 40. Ke3 Bxf3 41. Kxf3 fxe5 42. Ke4 Ke7 43. Kxe5 Nd3+ 44. Kf5 Nxf2 45. Kg6 Kf8 46. Kxh5 Ne4 47. g4 b4 48. Kg6 Nd2 49. Bc2 b3 50. Bxb3 Nxb3 51. h5 Nd4 52. h6 gxh6 53.
g5 hxg5 54. Kxg5 1/2-1/2

[Event "Late-Titled-Tuesday-Blitz-January-30-2024"]
[Site "Chess.com"]
[Date "2024.01.30"]
[Round "9"]
[White "Tomytoteph"]
[Black "OneTrickPony_82"]
[Result "0-1"]
[WhiteElo "2608"]
[BlackElo "2530"]
[TimeControl "180+1"]
[EndTime "15:44:39 PST"]
[Termination "OneTrickPony_82 won on time"]

1. e4 e5 2. Nf3 Nc6 3. Bb5 a6 4. Ba4 Nf6 5. O-O Be7 6. Re1 b5 7.
Bb3 O-O 8. h3 Na5 9. Nxe5 Nxb3 10. axb3 Bb7 11. d3 d5 12. exd5 Qxd5 13. Nf3 Qd7 14.
Nc3 c5 15. Bf4 Rfe8 16. Ne4 Qf5 17. Nxf6+ Bxf6 18. Rxe8+ Rxe8 19. Be3 Bxb2 20. Rb1 Bf6 21. b4 cxb4 22. Rxb4 h6 23. Nh2 a5 24. Rf4 Qd5 25. Rg4 a4 26. Nf3 a3 27. d4 a2 28. Qa1 Qc4 29. c3 Qb3 30. Nd2 Qc2 31. Bxh6 Re2 32.
Kh2 Rxd2 33. Bxd2 Qxd2 34. Rg3 Bd5 35. Re3 Qxf2 36. Rg3 g6 37. Qd1 Kg7 38. Rg4 Be7 39. h4 Bd6+ 40. Kh1 Qb2 41. Rxg6+ fxg6 0-1

[Event "Late-Titled-Tuesday-Blitz-January-30-2024"]
[Site "Chess.com"]
[Date "2024.01.30"]
[Round "9"]
[White "DenLaz"]
[Black "Zhigalko_Sergei"]
[Result "1-0"]
[WhiteElo "3053"]
[BlackElo "2944"]
[TimeControl "180+1"]
[EndTime "15:44:41 PST"]
[Termination "DenLaz won on time"]

1. d4 Nf6 2. c4 e6 3. Nf3 b6 4. g3 Ba6 5. b3 Bb4+ 6. Bd2 Be7 7. Bg2 c6 8. O-O d5 9. Qc2 Nbd7 10. a4 O-O 11.
Rc1 Ne4 12. Be1 Rc8 13. a5 b5 14. c5 f5 15. Nc3 Nxc3 16. Bxc3 Bf6 17. b4 Qe7 18.
Ne5 Nxe5 19. dxe5 Bg5 20. e3 h5 21. Bd4 Rc7 22. f4 Bh6 23. Bf3 g6 24. Kf2 Qe8 25. Qe2 Rh7 26. Ke1 Bc8 27. Kd2 Bd7 28. h3 Qe7 29.
Rg1 Kh8 30. g4 hxg4 31. hxg4 g5 32. gxf5 Rxf5 33. Bg4 Rf8 34. fxg5 Bxg5 35. Raf1 Rg8 36. Rh1 Rg7 37. Qf3 Rxh1 38. Rxh1+ Rh7 39. Rf1 Kg7 40. Qg2 Be8 41. Rf6 Bf7 42. Bf5 exf5 43. Qxg5+ Kf8 44.
e6 1-0

[Event "Late-Titled-Tuesday-Blitz-January-30-2024"]
[Site "Chess.com"]
[Date "2024.01.30"]
[Round "9"]
[White "MikaelyanArman"]
[Black "Mikhail_Golubev"]
[Result "1-0"]
[WhiteElo "2849"]
[BlackElo "2655"]
[TimeControl "180+1"]
[EndTime "15:44:45 PST"]
[Termination "MikaelyanArman won on time"]

1. d4 Nf6 2. Bf4 d6 3. e3 Nbd7 4. Nf3 Nh5 5. Bg5 h6 6. Bh4 g5 7.
Bg3 Bg7 8. Nbd2 e5 9. c3 f5 10.
Bc4 Nxg3 11. hxg3 e4 12. Ne5 Nxe5 13. Qh5+ Kf8 14. dxe5 d5 15. Bb3 Bxe5 16. O-O-O Be6 17. f4 Bf6 18. g4 gxf4 19. exf4 Qe7 20. gxf5 Bf7 21.
Qe2 a5 22. a4 Ra6 23. g4 c5 24. Kb1 c4 25. Nxc4 dxc4 26. Bxc4 Bxc4 27. Qxc4 Rc6 28.
Qd5 Kg7 29. g5 hxg5 30. Rxh8 Kxh8 31. fxg5 Bxg5 32. Rh1+ Kg7 33. Rg1 Rh6 34. f6+ Qxf6 35. Rxg5+ Rg6 36. Rf5 Qe7 37. Re5 Qf7 38. Qxf7+ Kxf7 39. Rxe4 Rg5 40. Ka2 Kf6 41. Kb3 Rg2 42. Re8 Rh2 43.
Rb8 Rh7 44. Ra8 Rh5 45. Ra7 1-0

[Event "Late-Titled-Tuesday-Blitz-January-30-2024"]
[Site "Chess.com"]
[Date "2024.01.30"]
[Round "9"]
[White "ninguno46"]
[Black "ARTHURMOTIVATOR"]
[Result "0-1"]
[WhiteElo "2502"]
[BlackElo "2336"]
[TimeControl "180+1"]
[EndTime "15:44:45 PST"]
[Termination "ARTHURMOTIVATOR won on time"]

1. e4 e5 2. Nf3 Nc6 3. Bc4 Nf6 4.
d3 Bc5 5. O-O d6 6. c3 a6 7. Bb3 Ba7 8. h3 h6 9. Re1 g5 10. Be3 Bxe3 11. fxe3 g4 12. hxg4 Bxg4 13.
Nbd2 Qd7 14. Ba4 O-O-O 15. b4 Rdg8 16. Re2 Rg6 17. b5 axb5 18. Bxb5 Rhg8 19. Qa4 Kd8 20. Rb1 Ke7 21. Rf2 Bxf3 22. Nxf3 Ng4 23. Re2 Nxe3 24.
Nh4 Rg4 25. Rxe3 Rxh4 26. Rb2 Qg4 27. Rf2 Qg5 28. Qb3 Nd8 29. Ref3 Qh5 30. Kf1 Rh1+ 31.
Ke2 Rg1 32. Bc4 R1xg2 33. Qd1 Rxf2+ 34. Kxf2 Qh2+ 35. Ke3 Rg2 36. Qf1 h5 37. Rxf7+ Ke8 38. Rf8+ Kd7 39. Rxd8+ Kc6 40. Bd5+ Kc5 41. d4+ Kb6 42.
Qb1+ Rb2 0-1

[Event "Late-Titled-Tuesday-Blitz-January-30-2024"]
[Site "Chess.com"]
[Date "2024.01.30"]
[Round "9"]
[White "elchacal664"]
[Black "Chessdreamer2020"]
[Result "0-1"]
[WhiteElo "2424"]
[BlackElo "2566"]
[TimeControl "180+1"]
[EndTime "15:44:47 PST"]
[Termination "Chessdreamer2020 won by checkmate"]

1. e4 d6 2. d4 Nf6 3. Nc3 c6 4. Bg5 Nbd7 5. Qd2 e5 6. O-O-O Be7 7. Nf3 b5 8. Kb1 b4 9. dxe5 bxc3 10. Qe3 dxe5 11.
Nxe5 Qc7 12. Nxf7 Kxf7 13. Bc4+ Ke8 14. f4 cxb2 15. Rhe1 Qb6 16. Qg3 g6 17. f5 Nh5 18.
Qh4 Bxg5 19. Qxg5 Qd8 20. Qd2 Qe7 21. g4 Ng7 22. e5 gxf5 23. gxf5 Nxf5 24. Qf4 Nb6 25. Be2 Nd5 26. Bh5+ Kf8 27. Qf3 Qb4 28. Rxd5 cxd5 29. Rf1 Ke7 30. Qxd5 Be6 31. Qg2 Rhg8 32.
Qf2 Rad8 33. h3 Qd2 34. Qf3 Rd7 35. Bg4 Rf8 36. Qa3+ Ke8 37. Bh5+ Kd8 38. Qxf8+ Kc7 39. Rd1 Qa5 40. Rxd7+ Bxd7 41. e6 Bxe6 42. Bg4 Qxa2# 0-1